 Dungeon Crawl Stone Soup version 0.31-a0-881-ge136f0c47a (webtiles) character file.

Game seed: 4434742627701035562

98 Spaninq the Changeling (level 4, -1/34 HPs)
             Began as a Demonspawn Shapeshifter on Oct 15, 2023.
             Succumbed to an adder's poison
             ... on level 3 of the Dungeon.
             The game lasted 00:04:05 (1786 turns).

Spaninq the Changeling (Demonspawn Shapeshifter)    Turns: 1786, Time: 00:04:06

Health: -1/34      AC:  2    Str: 16    XL:     4   Next: 43%
Magic:  4/4        EV: 12    Int: 12    God:
Gold:   74         SH:  0    Dex: 12    Spells: 3/3 levels left

rFire   . . .        l - +1 hand axe (venom)
rCold   . . .        (no shield)
rNeg    . . .        a - +0 animal skin
rPois   .            (helmet currently unavailable)
rElec   .            (cloak currently unavailable)
rCorr   .            (gloves currently unavailable)
SInv    .            (boots currently unavailable)
Will    .....        (no amulet)
Stlth   +            (no ring)
HPRegen 0.25/turn    (no ring)
MPRegen 0.09/turn

%: no passive effects
@: brilliant, lethally poisoned (-1 -> -9), beast-form, very slow
A: beast (slay +2), demonic magic 1
a: Begin Untransformation


You were on level 3 of the Dungeon.
You were a hulking beast.
You visited 1 branch of the dungeon, and saw 3 of its levels.

You collected 74 gold pieces.

Inventory:

Hand Weapons
 l - a +1 hand axe of venom (weapon)
Armour
 a - a +0 animal skin (worn)
Jewellery
 i - an amulet of the acrobat
Talismans
 c - a beast talisman (active)
 d - a flux talisman
Scrolls
 e - a scroll of immolation {unknown}
 f - a scroll of fear {unknown}
 g - a scroll of enchant armour {unknown}
 h - 3 scrolls of identify {unknown}
 j - a scroll of enchant weapon {unknown}
Potions
 b - a potion of lignification


   Skills:
 + Level 2.5 Fighting
 - Level 1.7 Dodging
 - Level 2.7 Unarmed Combat
 * Level 4.0 Shapeshifting


You had 3 spell levels left.
You didn't know any spells.
Your spell library contained the following spells:

 Spells                   Type           Power      Damage    Failure   Level
 Sandblast                Erth           0%         2d4       32%         1
 Passwall                 Tmut/Erth      0%         N/A       45%         2
 Stone Arrow              Conj/Erth      0%         3d7       69%         3
 Brom's Barrelling Bould  Conj/Erth      0%         2d3       97%         4


Dungeon Overview and Level Annotations

Branches:
Dungeon (3/15)

Altars:

Shops:
D:1 !


Innate Abilities, Weirdness & Mutations

You are a hulking beast.
Your limbs bulge with bestial killing power. (Slay +2)
Spells you cast may paralyse adjacent enemies.


Message History

You closely miss the river rat.
The river rat is almost dead.
You kill the river rat!
You enter the shallow water.
Moving in this stuff is going to be slow.
A worm and a rat come into view.
You hit the worm.
The worm is poisoned.
The worm is moderately wounded.
You slash the rat!
You kill the rat!
You slash the worm! The worm bites you but does no damage.
Your Shapeshifting skill increases to level 4!
Your unstable footing causes you to fumble your attack.
The worm bites you.
* * * LOW HITPOINT WARNING * * *
You hit the worm.
The worm looks as sick as possible!
The worm is almost dead.
You kill the worm!
An adder and a worm come into view.
The adder hisses angrily.
The adder bites you.
* * * LOW HITPOINT WARNING * * *
You are poisoned.
The adder poisons you!
A river rat comes into view.
You hit the adder but do no damage.
The adder is poisoned.
* * * LOW HITPOINT WARNING * * *
You feel very sick. The adder bites you.
* * * LOW HITPOINT WARNING * * *
A river rat comes into view.
It was a potion of brilliance.
You feel clever all of a sudden.
* * * LOW HITPOINT WARNING * * *
You feel sick. The adder barely misses you. The adder bites you.
* * * LOW HITPOINT WARNING * * *
You are more poisoned.
The adder poisons you!
Your unstable footing causes you to fumble your attack.
You die...

#.. # #.. ####w#~#
#.[ #~Srr~~# #..
#h######### ##..
#~~~~~~~~~## ##.#.
####†#~#~~.###....
...~~~~~.~.+.......
.....~.....#.##....
#............###.#.
#.##.....##### ###.
#. ##>..## #. #
##+## #.


You could see a worm, an adder (very poisoned) and 2 river rats.

Vanquished Creatures
  A gnoll (D:1)
  An adder (D:3)
  2 river rats (D:3)
  2 worms
  2 dart slugs
  An orc (D:3)
  4 bats
  7 endoplasms
  4 goblins (D:1)
  2 hobgoblins (D:1)
  6 jackals (D:1)
  A quokka (D:1)
  2 ball pythons
  6 kobolds
  7 rats
48 creatures vanquished.

Notes
Turn   | Place    | Note
-------+----------+-------------------------------------------
     0 | D:1      | Spaninq the Demonspawn Shapeshifter began the quest for the
                  | Orb.
     0 | D:1      | Reached XP level 1. HP: 15/15 MP: 1/1
   205 | D:1      | Reached skill level 3 in Shapeshifting
   205 | D:1      | Gained mutation: Spells you cast may paralyse adjacent
                  | enemies. [demonic ancestry]
   205 | D:1      | Reached XP level 2. HP: 14/21 MP: 2/2
   206 | D:1      | Found Plog's Distillery.
   449 | D:1      | Reached XP level 3. HP: 26/27 MP: 3/3
  1760 | D:3      | Reached XP level 4. HP: 21/34 MP: 4/4
  1779 | D:3      | Reached skill level 4 in Shapeshifting
  1785 | D:3      | HP: 1/34 [adder (2)]
  1786 | D:3      | Succumbed to an adder's poison

Illustrated notes

Levels and vault maps discovered:
D:1:      nagdon_arrival_double_spiral, layout_rooms, serial_shops,
          shop_fountains
D:2:      layout_loops_corners
D:3:      layout_loops_corners, gammafunk_ghost_grave,
          dreamdust_ecumenical_altar_grove, lightli_sewer_entry_pipes

Skill      XL: |  1  2  3  4 |
---------------+-------------+-----
Shapeshifting  | 3 4 |  4.0
Fighting       | 2 |  2.5
Dodging        | |  1.7
Unarmed Combat | |  2.7

Action                     |  1- 3 |  4- 6 || total
---------------------------+-------+-------++-------
  Melee: Unarmed           |   110 |       ||   110
         Hand axe          |     5 |    11 ||    16
         Punch             |     2 |       ||     2
    Use: Potion            |       |     1 ||     1
 Armour: Animal skin       |    42 |     9 ||    51
  Dodge: Dodged            |    60 |     5 ||    65

Table legend: (Time is in decaauts)
 A = Elapsed time spent in this place.
 B = Non-inter-level travel time spent in this place.
 C = Inter-level travel time spent in this place.
 D = Time resting spent in this place.
 E = Time spent auto-exploring this place.
 F = Levels seen in this place.
 G = Mean time per level.
                   A        B        C        D        E       F      G
               +--------+--------+--------+--------+--------+-----+--------+
         Total |   1863 |   1719 |    144 |     96 |   1278 |   3 |  621.0 |
       Dungeon |   1863 |   1719 |    144 |     96 |   1278 |   3 |  621.0 |
               +--------+--------+--------+--------+--------+-----+--------+

Top non-repeatable levels by time:
     D:1: 920 daAuts
     D:2: 867 daAuts
     D:3: 75 daAuts
